TOP OF THE 1ST |
Midland RockHounds batting - Pitching for Portland Sea Dogs : RHP Marcus Golightly
|
Pitching: RHP Marcus Golightly
|
|
Batting: LHB Angel Sanchez
|
0-0: Ball 1-0: Ball 2-0: Called Strike 2-1: Ground out 6-3 (Groundball, 4MS, EV 70.0 MPH)
|
Batting: RHB Mario Ramos
|
0-0: Ball 1-0: Ball 2-0: Called Strike 2-1: Ball 3-1: Swinging Strike 3-2: Foul Ball, location: 2F 3-2: Base on Balls
|
Batting: RHB Kevin Wiles
|
0-0: Ball Mario Ramos is caught stealing 2nd base 2-4 1-0: Called Strike 1-1: Fly out, F4 (Flyball, 34D, EV 90.0 MPH)
|
Top of the 1st over - 0 runs, 0 hits, 0 errors, 0 left on base; Midland 0 - Portland 0 |
BOTTOM OF THE 1ST |
Portland Sea Dogs batting - Pitching for Midland RockHounds : RHP Mike Staley
|
Pitching: RHP Mike Staley
|
|
Batting: LHB Julian Toney
|
0-0: Ball 1-0: Foul Ball, location: 2F 1-1: SINGLE (Groundball, 6, EV 98.1 MPH)
|
Batting: RHB Nate Dickinson
|
0-0: Ball 1-0: Ball 2-0: Foul Ball, location: 2F 2-1: Foul Ball, location: 2F 2-2: Foul Ball, location: 2F 2-2: Foul Ball, location: 2F 2-2: Grounds into double play, 5-4-3 (Groundball, 56, EV 87.5 MPH)
|
Batting: LHB Brent Albertson
|
0-0: Ball 1-0: Called Strike 1-1: Fly out, F9 (Flyball, 89D, EV 97.5 MPH)
|
Bottom of the 1st over - 0 runs, 1 hit, 0 errors, 0 left on base; Midland 0 - Portland 0 |
TOP OF THE 2ND |
Midland RockHounds batting - Pitching for Portland Sea Dogs : RHP Marcus Golightly
|
Batting: RHB Josh Sinden
|
0-0: Ball 1-0: Ball 2-0: Called Strike 2-1: Foul Ball, location: 2F 2-2: Strikes out looking
|
Batting: LHB Chance Stever
|
0-0: SOLO HOME RUN (Flyball, 89XD, EV 98.1 MPH), Distance : 386 ft
|
Batting: RHB Trevor Conklin
|
0-0: Called Strike 0-1: Fly out, F6 (Popup, 6D, EV 57.5 MPH)
|
Batting: RHB Zack DiCicco
|
0-0: Foul Ball, location: 2F 0-1: Ball 1-1: Hit by Pitch
|
Batting: RHB Fathi Addae
|
0-0: Called Strike 0-1: Ball Zack DiCicco steals 2nd base 1-1: Foul Ball, location: 2F 1-2: Foul Ball, location: 2F 1-2: Fly out, F9 (Flyball, 9, EV 86.9 MPH)
|
Top of the 2nd over - 1 run, 1 hit, 0 errors, 1 left on base; Midland 1 - Portland 0 |
BOTTOM OF THE 2ND |
Portland Sea Dogs batting - Pitching for Midland RockHounds : RHP Mike Staley
|
Batting: RHB Neil Mautone
|
0-0: Called Strike 0-1: Ball 1-1: Foul Ball, location: 2F 1-2: SINGLE (Groundball, 4MD, EV 95.0 MPH)
|
Batting: RHB Carlos Nolasco
|
0-0: Grounds into double play, 4-6-3 (Groundball, 34, EV 86.9 MPH)
|
Batting: LHB Alex Mendoza
|
0-0: Ball 1-0: Foul Ball, location: 2F 1-1: Fly out, F9 (Flyball, 9S, EV 94.4 MPH)
|
Bottom of the 2nd over - 0 runs, 1 hit, 0 errors, 0 left on base; Midland 1 - Portland 0 |
TOP OF THE 3RD |
Midland RockHounds batting - Pitching for Portland Sea Dogs : RHP Marcus Golightly
|
Batting: RHB Bastiaan Leenders
|
0-0: Ball 1-0: Ball 2-0: SINGLE (Groundball, 6D, EV 101.3 MPH)
|
Batting: LHB Angel Sanchez
|
0-0: Ball 1-0: Ball 2-0: Called Strike 2-1: Foul Ball, location: 2F 2-2: Strikes out swinging Bastiaan Leenders steals 2nd base Batter strikes out.
|
Batting: RHB Mario Ramos
|
0-0: Ball 1-0: Fly out, F8 (Flyball, 8RM, EV 97.5 MPH)
|
Batting: RHB Kevin Wiles
|
0-0: Ball 1-0: Foul Ball, location: 2F 1-1: Ball 2-1: Foul Ball, location: 2F 2-2: Ball 3-2: Fly out, F8 (Flyball, 8RS, EV 84.4 MPH)
|
Top of the 3rd over - 0 runs, 1 hit, 0 errors, 1 left on base; Midland 1 - Portland 0 |
BOTTOM OF THE 3RD |
Portland Sea Dogs batting - Pitching for Midland RockHounds : RHP Mike Staley
|
Batting: LHB Dave Reyes
|
0-0: Foul Ball, location: 2F 0-1: Called Strike 0-2: Ball 1-2: Reached on error, E5 (Groundball, 25, EV 68.8 MPH)
|
Batting: RHB Rogelio Losano
|
0-0: Ground out 1-3 (Groundball, 15S, EV 65.0 MPH)
|
Batting: LHB Arcot Ramathorn
|
0-0: Fly out, F7 (Flyball, 7LS, EV 85.6 MPH)
|
Batting: LHB Julian Toney
|
0-0: Foul Ball, location: 2F 0-1: Ball 1-1: Fly out, F8 (Flyball, 8RD, EV 82.5 MPH)
|
Bottom of the 3rd over - 0 runs, 0 hits, 1 error, 1 left on base; Midland 1 - Portland 0 |
TOP OF THE 4TH |
Midland RockHounds batting - Pitching for Portland Sea Dogs : RHP Marcus Golightly
|
Batting: RHB Josh Sinden
|
0-0: SOLO HOME RUN (Flyball, 8RXD, EV 106.9 MPH), Distance : 407 ft
|
Batting: LHB Chance Stever
|
0-0: Foul Ball, location: 2F 0-1: SOLO HOME RUN (Flyball, 7LD, EV 94.4 MPH), Distance : 348 ft
|
Batting: RHB Trevor Conklin
|
0-0: Swinging Strike 0-1: Ball 1-1: Swinging Strike 1-2: Ball 2-2: Foul Ball, location: 2F 2-2: Ball 3-2: Base on Balls
|
Batting: RHB Zack DiCicco
|
0-0: Ball Wild Pitch! Trevor Conklin to second 1-0: DOUBLE (Line Drive, 7LS, EV 98.1 MPH) Trevor Conklin scores
|
Batting: RHB Fathi Addae
|
0-0: Ball Zack DiCicco steals 3rd base (no throw) 1-0: Foul Ball, location: 2F 1-1: Called Strike 1-2: Strikes out looking
|
Batting: RHB Bastiaan Leenders
|
0-0: Fly out, F7 (Flyball, 7D, EV 96.3 MPH) Runner from 3rd tags up, SCORES, no throw by LF
|
Batting: LHB Angel Sanchez
|
0-0: Ball 1-0: Called Strike 1-1: Swinging Strike 1-2: Strikes out swinging
|
Top of the 4th over - 4 runs, 3 hits, 0 errors, 0 left on base; Midland 5 - Portland 0 |
BOTTOM OF THE 4TH |
Portland Sea Dogs batting - Pitching for Midland RockHounds : RHP Mike Staley
|
Batting: RHB Nate Dickinson
|
0-0: Ball 1-0: Ball 2-0: Called Strike 2-1: Ball 3-1: Foul Ball, location: 2F 3-2: Foul Ball, location: 2F 3-2: Foul Ball, location: 2F 3-2: Ground out U3 (Groundball, 3L, EV 102.5 MPH)
|
Batting: LHB Brent Albertson
|
0-0: Ball 1-0: Ball 2-0: SINGLE (Groundball, 3D, EV 100.6 MPH)
|
Batting: RHB Neil Mautone
|
0-0: Foul Ball, location: 2F 0-1: Called Strike 0-2: Ball 1-2: Strikes out swinging
|
Batting: RHB Carlos Nolasco
|
0-0: Called Strike 0-1: Ball 1-1: Ball 2-1: Fielders Choice at 2nd, 6-4 (Groundball, 6, EV 82.5 MPH)
|
Bottom of the 4th over - 0 runs, 1 hit, 0 errors, 1 left on base; Midland 5 - Portland 0 |
TOP OF THE 5TH |
Midland RockHounds batting - Pitching for Portland Sea Dogs : RHP Marcus Golightly
|
Pitching: RHP Toichi Komata
|
|
Batting: RHB Mario Ramos
|
0-0: Called Strike 0-1: Ground out 5-3 (Groundball, 15, EV 80.0 MPH)
|
Batting: RHB Kevin Wiles
|
0-0: Called Strike 0-1: Foul Ball, location: 2F 0-2: Ball 1-2: Ball 2-2: Ball 3-2: Base on Balls
|
Batting: RHB Josh Sinden
|
0-0: SINGLE (Groundball, 56, EV 107.5 MPH) Kevin Wiles to second
|
Batting: LHB Chance Stever
|
0-0: Called Strike Kevin Wiles steals 3rd base Josh Sinden to second 0-1: Ground out 6-3 (Groundball, 6, EV 78.8 MPH) Kevin Wiles scores Josh Sinden to third
|
Batting: RHB Trevor Conklin
|
0-0: Ball 1-0: Ball 2-0: Swinging Strike 2-1: Ball 3-1: Base on Balls
|
Batting: RHB Zack DiCicco
|
0-0: Called Strike 0-1: Foul Ball, location: 2F 0-2: Ground out 5-3 (Groundball, 56S, EV 86.9 MPH)
|
Top of the 5th over - 1 run, 1 hit, 0 errors, 2 left on base; Midland 6 - Portland 0 |
BOTTOM OF THE 5TH |
Portland Sea Dogs batting - Pitching for Midland RockHounds : RHP Mike Staley
|
Batting: LHB Alex Mendoza
|
0-0: Ground out 6-3 (Groundball, 6, EV 82.5 MPH)
|
Batting: LHB Dave Reyes
|
0-0: SINGLE (Groundball, 56D, EV 101.3 MPH)
|
Batting: RHB Rogelio Losano
|
0-0: Ball 1-0: Ball Dave Reyes is caught stealing 2nd base 2-4 2-0: Swinging Strike 2-1: Swinging Strike 2-2: Strikes out looking
|
Bottom of the 5th over - 0 runs, 1 hit, 0 errors, 0 left on base; Midland 6 - Portland 0 |
TOP OF THE 6TH |
Midland RockHounds batting - Pitching for Portland Sea Dogs : RHP Toichi Komata
|
Batting: RHB Fathi Addae
|
0-0: Called Strike 0-1: Ball 1-1: Called Strike 1-2: SINGLE (Groundball, 56D, EV 104.4 MPH) (infield hit)
|
Batting: RHB Bastiaan Leenders
|
0-0: Swinging Strike 0-1: SINGLE (Line Drive, 89S, EV 91.9 MPH) Fathi Addae to second Runner from 2nd tries for 3rd, SAFE, throw by RF made to third
|
Batting: LHB Angel Sanchez
|
0-0: Called Strike 0-1: Ball 1-1: Ball 2-1: Grounds into double play, 4-6-3 (Groundball, 34, EV 100.6 MPH) Fathi Addae scores
|
Batting: RHB Mario Ramos
|
0-0: Ball 1-0: Ball 2-0: Called Strike 2-1: Ball 3-1: Foul Ball, location: 2F 3-2: Ground out 6-3 (Groundball, 6, EV 81.9 MPH)
|
Top of the 6th over - 1 run, 2 hits, 0 errors, 0 left on base; Midland 7 - Portland 0 |
BOTTOM OF THE 6TH |
Portland Sea Dogs batting - Pitching for Midland RockHounds : RHP Mike Staley
|
Pitching: RHP Adrian Frazier
|
|
Batting: LHB Arcot Ramathorn
|
0-0: Ball 1-0: Called Strike 1-1: Ball 2-1: Foul Ball, location: 2F 2-2: Strikes out swinging, 2-3 out at first.
|
Batting: LHB Julian Toney
|
0-0: Called Strike 0-1: Foul Ball, location: 2F 0-2: Ball 1-2: Ball 2-2: Ball 3-2: DOUBLE (Line Drive, 9LS, EV 115.0 MPH)
|
Batting: RHB Nate Dickinson
|
0-0: Fly out, F9 (Line Drive, 9, EV 91.3 MPH)
|
Batting: LHB Brent Albertson
|
0-0: Ball 1-0: Ball 2-0: Called Strike 2-1: Ball 3-1: Called Strike 3-2: Foul Ball, location: 2F 3-2: Foul Ball, location: 2F 3-2: Foul Ball, location: 2F 3-2: Foul Ball, location: 2F 3-2: Strikes out swinging
|
Bottom of the 6th over - 0 runs, 1 hit, 0 errors, 1 left on base; Midland 7 - Portland 0 |
TOP OF THE 7TH |
Midland RockHounds batting - Pitching for Portland Sea Dogs : RHP Toichi Komata
|
Pinch Hitting: RHB Tom Burns
|
0-0: Called Strike 0-1: SINGLE (Groundball, 34D, EV 99.4 MPH)
|
Batting: RHB Jonathan Gallup
|
0-0: Hit by Pitch Tom Burns to second
|
Batting: LHB Chance Stever
|
0-0: Ball 1-0: Called Strike 1-1: Ball 2-1: Ball 3-1: Base on Balls Tom Burns to third Jonathan Gallup to second
|
Batting: RHB Trevor Conklin
|
0-0: Called Strike 0-1: Ball 1-1: Foul Ball, location: 2F 1-2: SINGLE (Line Drive, 9LS, EV 97.5 MPH) Tom Burns scores Jonathan Gallup to third Chance Stever to second Runner from 3rd tries for Home, SAFE, throw by RF to home
|
Batting: RHB Zack DiCicco
|
0-0: Foul Ball, location: 2F 0-1: Ball 1-1: Foul Ball, location: 2F 1-2: SINGLE (Groundball, 56D, EV 103.8 MPH) Chance Stever to third Trevor Conklin to second
|
Pitching: RHP Wing-chiu Ya
|
|
Batting: RHB Fathi Addae
|
0-0: Called Strike 0-1: Ball 1-1: Ball 2-1: Ball 3-1: Foul Ball, location: 2F 3-2: Strikes out swinging
|
Batting: RHB Bastiaan Leenders
|
0-0: Ball 1-0: Ball 2-0: Foul Ball, location: 2F 2-1: SINGLE (Groundball, 56D, EV 102.5 MPH) Chance Stever scores Trevor Conklin to third Zack DiCicco to second
|
Batting: LHB Angel Sanchez
|
0-0: Foul Ball, location: 2F 0-1: SINGLE (Groundball, 4S, EV 67.5 MPH) (infield hit) Trevor Conklin scores Zack DiCicco to third Bastiaan Leenders to second
|
Batting: RHB Mario Ramos
|
0-0: Swinging Strike 0-1: Swinging Strike 0-2: Foul Ball, location: 2F 0-2: Ball 1-2: Strikes out swinging
|
Batting: RHB Tom Burns
|
0-0: Ball 1-0: Called Strike 1-1: Ball 2-1: Ball 3-1: Base on Balls Zack DiCicco scores Bastiaan Leenders to third Angel Sanchez to second
|
Batting: RHB Jonathan Gallup
|
0-0: Ball 1-0: Called Strike 1-1: Foul Ball, location: 2F 1-2: Ball 2-2: Ball 3-2: Ground out 6-3 (Groundball, 6, EV 104.4 MPH)
|
Top of the 7th over - 5 runs, 5 hits, 0 errors, 3 left on base; Midland 12 - Portland 0 |
BOTTOM OF THE 7TH |
Portland Sea Dogs batting - Pitching for Midland RockHounds : RHP Adrian Frazier
|
Now at 1B: Bastiaan Leenders
|
|
Now in CF: Matt Sherard
|
|
Batting: RHB Neil Mautone
|
0-0: Called Strike 0-1: Fly out, F9 (Flyball, 9LD, EV 80.0 MPH)
|
Batting: RHB Carlos Nolasco
|
0-0: Called Strike 0-1: Swinging Strike 0-2: Ball 1-2: Strikes out swinging
|
Batting: LHB Alex Mendoza
|
0-0: Called Strike 0-1: Called Strike 0-2: Ground out 5-3 (Groundball, 5, EV 85.0 MPH)
|
Bottom of the 7th over - 0 runs, 0 hits, 0 errors, 0 left on base; Midland 12 - Portland 0 |
TOP OF THE 8TH |
Midland RockHounds batting - Pitching for Portland Sea Dogs : RHP Wing-chiu Ya
|
Batting: LHB Chance Stever
|
0-0: Called Strike 0-1: Swinging Strike 0-2: Ground out 6-3 (Groundball, 6S, EV 81.3 MPH)
|
Batting: RHB Trevor Conklin
|
0-0: Called Strike 0-1: Ball 1-1: Foul Ball, location: 2F 1-2: Fly out, F8 (Flyball, 8LXD, EV 100.0 MPH)
|
Pinch Hitting: RHB Edgar Landim
|
0-0: Ball 1-0: SINGLE (Groundball, 6MD, EV 104.4 MPH)
|
Batting: RHB Fathi Addae
|
0-0: Ball 1-0: Ball 2-0: Called Strike 2-1: Called Strike 2-2: Fly out, F9 (Flyball, 9LM, EV 102.5 MPH)
|
Top of the 8th over - 0 runs, 1 hit, 0 errors, 1 left on base; Midland 12 - Portland 0 |
BOTTOM OF THE 8TH |
Portland Sea Dogs batting - Pitching for Midland RockHounds : RHP Adrian Frazier
|
Now at 3B: Edgar Landim
|
|
Batting: LHB Dave Reyes
|
0-0: Called Strike 0-1: Ball 1-1: Swinging Strike 1-2: Strikes out looking
|
Pinch Hitting: LHB Parker Lowe
|
0-0: Called Strike 0-1: Ball 1-1: Foul Ball, location: 2F 1-2: Ground out U3 (Groundball, 3, EV 85.0 MPH)
|
Batting: LHB Arcot Ramathorn
|
0-0: TRIPLE (Flyball, 89XD, EV 98.1 MPH)
|
Batting: LHB Julian Toney
|
0-0: Called Strike 0-1: Called Strike 0-2: Ball 1-2: Ball 2-2: Foul Ball, location: 2F 2-2: DOUBLE (Line Drive, 78XD, EV 108.8 MPH) Arcot Ramathorn scores
|
Batting: RHB Nate Dickinson
|
0-0: Ball 1-0: Called Strike 1-1: Ball 2-1: Ball 3-1: Base on Balls
|
Pitching: RHP John Barney
|
|
Batting: LHB Brent Albertson
|
0-0: Swinging Strike 0-1: Ground out 5-3 (Groundball, 56S, EV 83.1 MPH)
|
Bottom of the 8th over - 1 run, 2 hits, 0 errors, 2 left on base; Midland 12 - Portland 1 |
TOP OF THE 9TH |
Midland RockHounds batting - Pitching for Portland Sea Dogs : RHP Wing-chiu Ya
|
Pitching: LHP Paul Hinderliter
|
|
Now at SS: Trent Hood
|
|
Batting: RHB Bastiaan Leenders
|
0-0: Ball 1-0: Ball 2-0: Ball 3-0: Called Strike 3-1: Called Strike 3-2: Foul Ball, location: 2F 3-2: Ground out 6-3 (Groundball, 6M, EV 106.3 MPH)
|
Batting: LHB Angel Sanchez
|
0-0: Ball 1-0: Ground out 5-3 (Groundball, 6, EV 79.4 MPH)
|
Batting: RHB Mario Ramos
|
0-0: Foul Ball, location: 2F 0-1: Swinging Strike 0-2: Foul Ball, location: 2F 0-2: Ball 1-2: Fly out, F8 (Flyball, 8LM, EV 89.4 MPH)
|
Top of the 9th over - 0 runs, 0 hits, 0 errors, 0 left on base; Midland 12 - Portland 1 |
BOTTOM OF THE 9TH |
Portland Sea Dogs batting - Pitching for Midland RockHounds : RHP John Barney
|
Batting: RHB Neil Mautone
|
0-0: Ball 1-0: Ground out 5-3 (Groundball, 56S, EV 88.8 MPH)
|
Batting: RHB Carlos Nolasco
|
0-0: Ball 1-0: Called Strike 1-1: Called Strike 1-2: Ball 2-2: Foul Ball, location: 2F 2-2: Ball 3-2: Base on Balls
|
Batting: LHB Alex Mendoza
|
0-0: Foul Ball, location: 2F 0-1: Swinging Strike 0-2: Grounds into double play, 3-6-3 (Groundball, 13, EV 81.9 MPH)
|
Bottom of the 9th over - 0 runs, 0 hits, 0 errors, 0 left on base; Midland 12 - Portland 1 |
|